Map: Kimeran Refuge

Players

MARKER

  • Race: Terran Terran
  • Spawn Location: 6:00

XtraPwr

  • Race: Terran Terran
  • League: Platinum
  • Spawn Location: 6:00

AlexTheGreat

  • Race: Zerg Zerg
  • Spawn Location: 5:00

Pawel

  • Race: Zerg Zerg
  • Spawn Location: 7:00

Amix

  • Race: Protoss Protoss
  • League: Platinum
  • Spawn Location: 1:00

AlduRain

  • Race: Zerg Zerg
  • Spawn Location: 12:00

Constantine

  • Race: Terran Terran
  • Spawn Location: 12:00

teteAclaque

  • Race: Zerg Zerg
  • League: Platinum
  • Spawn Location: 11:00

VOD

Have the link to the VOD?

Description

Time

  • Played on: Nov. 12, 2016, 3:07 p.m.
  • Length: 12:41
Show
View Real Time Build Order
Export as new Build Order

MARKER Terran 

Build Orders: Mech 

Get SALT Encoding   

  12  0:02  SCV  
  13  0:14  SCV  
  14  0:24  Supply Depot  
  14  0:26  SCV  
  15  0:46  SCV  
  15  0:47  Barracks  
  16  0:52  Refinery  
  16  0:55  Refinery  
  16  0:58  SCV  
  17  1:10  SCV  
  18  1:22  SCV  
  19  1:35  Supply Depot  
  19  1:36  Supply Depot  
  19  1:44  Factory  
  20  1:49  Orbital Command  
  19  2:01  Barracks Reactor  
  19  2:15  SCV  
  20  2:31  Factory, SCV  
  21  2:43  SCV  
  22  2:50  Barracks Tech Lab  
  22  2:51  Hellion, Starport  
  22  2:52  Hellion  
  22  2:55  SCV  
  27  3:01  Supply Depot  
  27  3:07  SCV  
  28  3:19  Hellion, SCV  
  31  3:21  Infernal Pre-Igniter  
  31  3:23  Hellion  
  33  3:28  Hellion  
  35  3:34  Viking  
  37  4:23  Widow Mine x2  
  37  4:24  Siege Tank  
  36  4:29  Starport Reactor  
  36  4:32  SCV  
  36  4:35  Command Center  
  36  4:36  Supply Depot  
  37  4:47  SCV  
  37  4:51  Engineering Bay  
  38  4:58  Barracks Tech Lab  
  38  5:07  SCV, Widow Mine x2, Siege Tank  
  46  5:18  Combat Shields  
  46  5:19  SCV  
  47  5:23  Missile Turret  
  47  5:36  Supply Depot, Terran Infantry Weapons Level 1  
  47  5:37  Supply Depot  
  47  5:46  Viking x2  
  47  5:47  Marauder  
  53  6:08  Refinery, Orbital Command  
  53  6:10  SCV  
  54  6:13  Refinery  
  54  6:22  SCV  
  53  6:34  SCV  
  53  6:36  Widow Mine x2  
  53  6:37  Siege Tank  
  61  6:53  Viking x2  
  65  7:02  Armory  
  65  7:03  Armory  
  65  7:05  Barracks x2, Stimpack, Widow Mine x2  
  69  7:09  Siege Tank  
  69  7:13  SCV x2  
  74  7:20  Supply Depot  
  74  7:25  SCV x2  
  76  7:37  SCV x2  
  76  7:39  Factory x2  
  76  7:43  Supply Depot  
  78  7:45  Terran Infantry Armor Level 1  
  78  7:46  Marauder  
  78  7:49  SCV  
  81  7:54  Barracks Tech Lab, Barracks Reactor  
  81  8:07  Widow Mine x2, Siege Tank  
  81  8:08  Marauder  
  81  8:11  Drilling Claws  
  90  8:18  Supply Depot x2  
  90  8:20  Terran Vehicle Weapons Level 1  
  90  8:24  Marine  
  91  8:28  Marine  
  92  8:37  Factory Tech Lab x2  
  92  8:44  Command Center, Widow Mine, Siege Tank  
  97  9:16  Siege Tank x2  
  97  9:17  Widow Mine x2, Siege Tank  
  110  9:43  SCV x2  
  108  9:45  Refinery  
  106  9:55  SCV x2  
  106  9:58  Refinery  
  108  10:07  SCV x2  
  108  10:17  Widow Mine x2, Siege Tank x3  
  108  10:19  SCV  
  105  10:38  Missile Turret  
  105  10:41  Orbital Command  
  100  10:44  SCV x2  
  100  10:49  Siege Tank  
  105  10:56  SCV x2  
  106  11:00  Siege Tank x2  
  106  11:01  Widow Mine x2  
  115  11:08  SCV  
  115  11:09  SCV  
  117  11:21  SCV, Siege Tank  
  121  11:32  Siege Tank  
  121  11:34  SCV  
  125  12:07  Supply Depot  
  125  12:08  Supply Depot x2  
  125  12:10  Supply Depot x2  
  125  12:28  SCV  
  140  12:35  Command Center  
Show
View Real Time Build Order
Export as new Build Order

XtraPwr Terran 

Build Orders: MMM Bio 

Get SALT Encoding   

  12  0:01  SCV  
  13  0:13  SCV  
  14  0:25  SCV  
  15  0:31  Supply Depot  
  15  0:39  Refinery  
  15  0:53  SCV  
  15  0:54  Barracks  
  16  1:05  SCV  
  17  1:14  Supply Depot  
  17  1:17  SCV  
  18  1:29  SCV  
  19  1:37  Barracks  
  19  1:41  SCV  
  19  1:43  Barracks Tech Lab  
  20  1:47  Barracks  
  20  1:53  SCV  
  21  2:02  Marauder  
  21  2:05  SCV  
  24  2:11  Refinery  
  24  2:17  SCV  
  25  2:24  Barracks Reactor  
  25  2:25  Marauder  
  27  2:31  Supply Depot  
  27  2:36  Orbital Command  
  27  2:41  Barracks Reactor  
  27  2:50  Marauder  
  29  3:00  Supply Depot  
  29  3:03  SCV  
  29  3:04  Marine x2  
  32  3:21  Marine  
  32  3:22  Marine  
  32  3:25  Command Center  
  30  3:41  Supply Depot  
  30  3:43  Marine x2  
  30  3:44  Combat Shields  
  30  3:46  Marauder  
  30  3:47  Marine  
  30  3:48  Marine  
  36  4:09  Marine x2  
  40  4:10  Marauder  
  40  4:14  Marine x2  
  38  4:27  Marine x2  
  42  4:31  Marauder  
  42  4:35  Factory  
  42  4:40  SCV  
  42  4:44  Orbital Command  
  43  4:52  SCV  
  42  5:02  Marine x2  
  42  5:03  Marauder  
  42  5:04  SCV  
  44  5:12  Marine x2  
  46  5:20  Marine x2  
  45  5:24  Marauder  
  40  5:29  Marine  
  40  5:30  Marine, Factory Tech Lab  
  40  5:33  Starport  
  40  5:34  Concussive Shells  
  41  5:43  Marine  
  41  5:45  Marauder  
  41  5:46  SCV  
  41  5:47  Marine  
  46  5:52  SCV  
  47  5:58  Engineering Bay  
  47  6:01  Siege Tank  
  50  6:05  Marine x2  
  50  6:07  Marauder  
  54  6:12  Medivac  
  54  6:17  Supply Depot  
  54  6:18  SCV, Stimpack  
  56  6:20  SCV  
  58  6:28  Marauder  
  56  6:51  Starport Reactor  
  56  6:52  Marine, Supply Depot, Siege Tank  
  56  6:53  Marine  
  56  6:54  Marine x2, Marauder  
  65  7:02  SCV x2  
  67  7:14  SCV x2  
  69  7:17  Marine x2  
  69  7:18  Supply Depot  
  69  7:21  Marine x2, Marauder  
  75  7:24  Siege Tank  
  78  7:36  Marine  
  78  7:37  Marine  
  79  7:38  Marine  
  79  7:39  Marine, SCV x2, Medivac x2  
  79  7:42  Marauder  
  79  7:43  Terran Infantry Weapons Level 1  
  90  7:47  Armory  
  90  7:51  SCV x2, Engineering Bay  
  90  7:54  Armory  
  90  7:55  Supply Depot  
  90  7:56  Marine x2  
  94  7:59  Refinery  
  94  8:00  Refinery  
  94  8:11  Supply Depot  
  94  8:16  Marauder, Viking x2  
  100  8:20  Supply Depot  
  100  8:23  Supply Depot  
  100  8:25  Supply Depot, Terran Infantry Armor Level 1  
  100  8:26  Marine  
  100  8:27  Marine  
  101  8:31  Supply Depot  
  101  8:32  Marine x2  
  104  8:38  Marauder  
  106  8:43  Siege Tank  
  106  8:44  Marine x2  
  111  8:50  Marine x2  
  113  8:59  Marauder  
  113  9:00  Viking, Supply Depot  
  113  9:01  Viking  
  113  9:02  Terran Vehicle Weapons Level 1  
  119  9:08  Marine x2  
  121  9:22  Marine x3  
  124  9:26  Marine x2  
  124  9:28  Command Center  
  126  9:39  Marine  
  126  9:40  Marine x2  
  126  9:44  Marine x2  
  131  9:51  SCV x2  
  133  9:55  Supply Depot  
  133  9:56  Viking x2  
  133  9:57  Thor, Marine x2  
  133  9:58  Marine  
  146  10:02  Marine x2  
  148  10:15  Marine x2  
  148  10:17  Supply Depot  
  149  10:25  Marine x2  
  149  10:26  Marine, Medivac x2  
  150  10:33  Marine x2  
  144  10:41  Siege Tank  
  147  10:43  Marine x3  
  148  10:51  Marine x2  
  150  11:01  Marine x2  
  150  11:02  Marauder  
  147  11:09  Marine x2  
  142  11:13  Siege Tank  
  137  11:19  Marine x2  
  137  11:23  Marine  
  140  11:26  Marine  
  140  11:27  Marine  
  142  11:37  Marine x2  
  144  11:40  Marine  
  144  11:44  Marine x2  
  144  11:45  Siege Tank  
  132  11:54  Marine x2  
  132  11:58  Marine  
  135  12:02  Marine x2  
  136  12:12  Marine x2  
  138  12:16  Marine  
  138  12:20  Marine x2  
  135  12:24  Supply Depot  
Show
View Real Time Build Order
Export as new Build Order

AlexTheGreat Zerg 

Build Orders: Pool Only, Zergling Baneling 

Get SALT Encoding   

  12  0:02  Drone  
  13  0:30  Drone, Extractor  
  13  0:31  Drone  
  14  0:35  Spawning Pool  
  14  0:37  Drone  
  14  0:59  Overlord  
  14  1:12  Overlord  
  14  1:23  Queen  
  16  1:25  Zergling x2  
  16  1:26  Zergling x2  
  16  1:32  Metabolic Boost  
  18  1:35  Zergling x2  
  19  1:45  Zergling x2  
  20  1:53  Baneling Nest  
  19  2:04  Zergling x4  
  21  2:11  Zergling x2  
  22  2:27  Zergling x2  
  23  2:34  Zergling x6  
  23  2:35  Zergling x2  
  27  2:57  Zergling x4  
  16  3:49  Baneling  
  16  3:50  Baneling x2  
  16  3:56  Zergling x6  
  18  4:18  Zergling x4  
  20  4:32  Zergling x8  
  20  4:35  Baneling x4  
  20  4:36  Baneling x2  
  24  4:45  Zergling x2  
  16  5:17  Zergling x2  
  16  5:18  Zergling x6  
  20  5:41  Zergling x4  
Show
View Real Time Build Order
Export as new Build Order

Pawel Zerg 

Build Orders: Pool First 

Get SALT Encoding   

  12  0:12  Drone  
  13  0:17  Drone  
  14  0:22  Overlord  
  14  0:38  Spawning Pool  
  14  0:39  Drone  
  14  0:43  Drone  
  15  0:53  Drone  
  16  0:59  Drone, Extractor  
  16  1:09  Drone  
  17  1:20  Overlord  
  17  1:30  Queen  
  17  1:32  Zergling x2  
  20  1:40  Zergling x2  
  21  1:53  Spine Crawler  
  20  1:56  Zergling x2  
  21  2:04  Zergling x2  
  22  2:19  Zergling x2  
  23  2:28  Zergling x2  
  24  2:31  Metabolic Boost  
  24  2:46  Hatchery  
  24  2:48  Zergling x10  
  28  2:57  Spine Crawler  
  27  3:09  Zergling x2  
  27  3:10  Zergling x2  
  28  3:17  Zergling x2  
  28  3:18  Zergling x2  
  25  3:23  Zergling x2  
  19  4:05  Zergling x12  
  19  4:06  Zergling x2  
  23  4:18  Queen  
  23  4:20  Zergling x4  
  27  4:28  Drone  
  28  4:59  Zergling x2  
  28  5:00  Zergling x12  
  30  5:27  Drone x3  
  29  5:42  Drone, Spine Crawler  
  29  5:45  Drone x2  
  29  5:46  Drone  
  32  5:57  Drone x3  
  32  5:58  Drone  
  32  6:03  Drone, Extractor  
  36  6:08  Overlord  
  36  6:14  Overlord  
  35  6:31  Spine Crawler  
  28  6:41  Zergling x4  
  28  6:42  Zergling x16  
  38  6:54  Drone  
  39  7:20  Zergling x8  
  39  7:21  Zergling x4  
  44  7:28  Drone  
  45  7:31  Spine Crawler  
  45  7:32  Lair  
  44  7:38  Evolution Chamber  
  44  7:41  Drone x2  
  44  7:42  Drone  
  46  7:48  Hatchery  
  45  7:57  Spine Crawler  
  44  8:02  Zergling x2  
  44  8:03  Zergling x12  
  51  8:06  Overlord x2  
  51  8:08  Zerg Melee Weapons Level 1  
  51  8:18  Extractor  
  50  8:25  Evolution Chamber, Zergling x16  
  57  8:30  Queen  
  51  9:07  Zergling x2  
  51  9:08  Zergling x18  
  47  9:26  Zergling x4  
  47  9:27  Zergling x12  
  52  9:49  Zergling x2  
  52  9:50  Zergling x24  
  62  9:59  Zerg Ground Armor Level 1  
  62  10:02  Zergling x6  
  64  10:20  Zergling x2  
  64  10:21  Zergling x10  
  54  10:39  Hydralisk Den  
  46  10:49  Zergling x2  
  44  10:50  Zergling x20  
  44  11:02  Zergling x14  
  44  11:03  Zergling x2  
  47  11:28  Zergling x2  
  47  11:29  Zergling x14  
  53  12:03  Hatchery  
  53  12:05  Zergling x2  
  53  12:06  Zergling x32  
Show
View Real Time Build Order
Export as new Build Order

Amix Protoss 

Build Orders:  

Get SALT Encoding   

  12  0:04  Probe (Chrono Boost)  
  13  0:14  Pylon  
  13  0:18  Probe (Chrono Boost)  
  14  0:29  Probe (Chrono Boost)  
  15  0:37  Gateway  
  15  0:40  Probe (Chrono Boost)  
  16  0:52  Pylon  
  16  0:56  Probe (Chrono Boost)  
  17  1:07  Assimilator, Probe (Chrono Boost)  
  17  1:09  Assimilator  
  18  1:20  Gateway  
  18  1:24  Probe (Chrono Boost)  
  19  1:34  Probe (Chrono Boost)  
  20  1:45  Probe (Chrono Boost)  
  21  1:48  Zealot  
  23  2:02  Gateway  
  23  2:06  Pylon  
  23  2:09  Probe (Chrono Boost)  
  23  2:15  Zealot  
  26  2:24  Cybernetics Core  
  26  2:31  Zealot  
  28  2:38  Pylon  
  28  2:45  Pylon  
  28  3:02  Warp Gate (Chrono Boost)  
  28  3:10  Stalker x2  
  28  3:12  Adept  
  34  3:32  Twilight Council  
  34  3:36  Mothership Core  
  36  3:42  Adept  
  38  4:19  Pylon  
  38  4:35  Gateway  
  38  4:38  Gateway  
  38  4:40  Pylon  
  38  4:43  Resonating Glaives (Chrono Boost)  
  38  4:44  Gateway  
  38  4:46  Pylon  
  38  5:35  Pylon  
  38  5:36  Pylon  
  38  5:41  Pylon  
  38  5:42  Zealot x4  
  42  5:43  Zealot  
  48  6:02  Sentry x3  
  48  6:03  Sentry  
  56  6:04  Stalker  
  58  6:30  Gateway x2  
  58  6:31  Gateway  
  58  6:59  Zealot x4  
  66  7:35  Pylon  
  66  7:39  Stalker x4  
  74  8:07  Adept  
  74  8:08  Adept  
  78  8:23  Nexus  
  78  8:44  Probe  
  79  8:53  Pylon  
  79  8:56  Probe  
  80  9:08  Probe  
  81  9:14  Zealot  
  81  9:15  Zealot x3  
  89  9:20  Probe  
  90  9:32  Probe  
  91  9:54  Nexus  
  91  9:59  Adept  
  25  11:13  Zealot x3  
  25  11:14  Zealot x2  
  25  11:15  Zealot x3  
  25  11:40  Adept x2  
  26  12:12  Pylon  
Show
View Real Time Build Order
Export as new Build Order

AlduRain Zerg 

Build Orders: Hatch First 

Get SALT Encoding   

  12  0:00  Drone  
  13  0:09  Drone  
  14  0:36  Hatchery  
  13  0:43  Overlord  
  13  0:47  Drone  
  14  1:03  Spawning Pool  
  13  1:07  Drone  
  14  1:11  Drone  
  14  1:16  Drone  
  16  1:19  Extractor  
  16  1:22  Drone  
  16  1:28  Drone  
  17  1:43  Drone  
  18  1:48  Drone  
  18  1:51  Queen  
  21  1:54  Drone  
  22  2:02  Roach Warren  
  22  2:06  Drone  
  22  2:08  Drone  
  22  2:15  Overlord  
  23  2:24  Queen  
  25  2:45  Roach x3  
  25  2:46  Roach  
  29  3:16  Roach x2  
  29  3:17  Roach x2  
  35  3:20  Overlord x2  
  35  3:35  Overlord  
  35  3:38  Queen  
  37  3:53  Evolution Chamber  
  34  4:02  Roach x5  
  38  4:20  Roach x3  
  44  4:28  Extractor  
  44  4:29  Drone x2  
  45  4:47  Zerg Missile Weapons Level 1  
  43  5:17  Drone x5  
  48  5:25  Lair  
  43  5:35  Drone x4  
  47  5:38  Extractor x2  
  45  6:07  Hatchery  
  42  6:43  Roach x6  
  52  6:47  Overlord x2  
  52  6:48  Overlord  
  52  7:12  Ravager  
  52  7:13  Ravager  
  52  7:14  Ravager x2  
  56  7:16  Roach x3  
  62  7:27  Glial Reconstitution  
  62  7:33  Drone x2  
  64  8:04  Overseer x2  
  64  8:10  Zerg Ground Armor Level 1  
  65  8:12  Drone  
  65  8:13  Drone x4  
  69  8:43  Evolution Chamber  
  69  8:47  Roach  
  69  8:48  Roach x6  
  82  9:07  Tunneling Claws  
  82  9:14  Overlord  
  82  9:15  Overlord x2  
  68  10:02  Roach x7  
  68  10:03  Roach  
  51  10:41  Overlord x2  
Show
View Real Time Build Order
Export as new Build Order

Constantine Terran 

Build Orders: MMM Bio 

Get SALT Encoding   

  12  0:02  SCV  
  13  0:15  SCV  
  14  0:27  SCV  
  15  0:30  Supply Depot  
  15  0:55  Barracks  
  15  1:09  Command Center  
  15  1:13  SCV  
  16  1:25  SCV  
  17  1:30  Barracks  
  17  1:40  SCV  
  18  1:48  Barracks  
  18  1:52  SCV  
  18  1:54  Marine  
  20  2:04  SCV  
  21  2:16  SCV  
  21  2:20  Marine x2  
  24  2:27  Supply Depot  
  24  2:30  Refinery  
  24  2:32  Refinery  
  24  2:33  SCV  
  24  2:36  SCV  
  26  2:44  Refinery  
  26  2:45  SCV  
  27  2:52  Marine x3  
  30  2:59  Supply Depot  
  30  3:15  Marine  
  30  3:16  Marine x2  
  33  3:27  SCV  
  34  3:39  SCV  
  35  3:43  Supply Depot  
  35  3:45  Factory  
  35  3:46  Barracks Tech Lab  
  35  3:54  SCV  
  36  3:58  SCV  
  37  4:06  SCV  
  38  4:10  SCV  
  38  4:15  Marine x3  
  38  4:18  SCV  
  38  4:24  Supply Depot  
  38  4:30  SCV  
  39  4:33  Factory Tech Lab  
  39  4:39  Barracks Tech Lab  
  39  4:40  Barracks Tech Lab  
  39  4:43  SCV  
  40  4:53  Engineering Bay  
  42  5:00  Marauder x3  
  42  5:02  Siege Tank  
  47  5:18  Combat Shields  
  47  5:20  Stimpack  
  47  5:21  Concussive Shells  
  42  5:24  Marine, Engineering Bay  
  42  5:25  Marine x2  
  45  5:33  Refinery  
  45  5:36  Planetary Fortress  
  45  5:44  Supply Depot  
  45  5:48  Marine x2  
  45  5:49  Marine  
  48  6:07  Marine x3, Supply Depot  
  51  6:29  Supply Depot, Command Center  
  51  6:32  Marine x3  
  53  6:37  Siege Tank  
  57  6:50  Marauder x2  
  57  6:51  Marauder  
  63  6:55  Orbital Command  
  63  7:01  Missile Turret  
  63  7:02  Terran Infantry Weapons Level 1  
  63  7:03  Terran Infantry Armor Level 1  
  63  7:16  SCV  
  64  7:28  SCV  
  65  7:32  Siege Tank  
  68  7:41  SCV  
  69  7:44  Missile Turret  
  69  7:45  Planetary Fortress  
  69  7:53  SCV  
  69  7:55  Factory  
  70  8:05  SCV  
  71  8:06  Marine x3  
  71  8:07  Missile Turret  
  74  8:17  SCV  
  74  8:19  Starport  
  75  8:28  Marine x2  
  75  8:29  Marine  
  78  8:35  SCV  
  78  8:39  SCV  
  80  8:47  SCV  
  81  8:51  SCV  
  82  8:59  SCV  
  83  9:03  SCV  
  83  9:06  Marine x3  
  83  9:08  Widow Mine  
  89  9:11  SCV  
  89  9:15  SCV  
  91  9:23  SCV  
  94  9:24  Marauder x3, Starport Reactor  
  94  9:26  Factory Tech Lab  
  94  9:27  SCV  
  99  9:36  Neosteel Frame, Hi-Sec Auto Tracking  
  99  9:37  Supply Depot, Widow Mine  
  97  10:01  Supply Depot  
  97  10:06  Marine x3  
  100  10:08  Siege Tank x2  
  75  10:23  Medivac  
  75  10:24  Marauder x2, Medivac  
  75  10:25  Marauder  
  85  10:45  Marine x3  
  84  10:53  Medivac  
  84  10:54  Medivac  
  84  11:06  Marine x2  
  84  11:07  Marine  
  84  11:09  Widow Mine x2  
  72  11:24  Marine x2  
  68  11:38  Widow Mine  
  71  11:42  Marine x2  
  67  11:54  Medivac x2  
  67  12:00  Marine x2  
  71  12:04  Barracks  
  73  12:08  Barracks  
Show
View Real Time Build Order
Export as new Build Order

teteAclaque Zerg 

Build Orders: Pool First 

Get SALT Encoding   

  12  0:01  Drone  
  13  0:13  Overlord  
  13  0:18  Drone  
  14  0:24  Extractor  
  14  0:25  Drone  
  15  0:32  Drone  
  16  0:45  Spawning Pool  
  16  0:48  Extractor  
  14  0:50  Drone  
  14  0:53  Drone  
  16  1:33  Queen  
  16  1:35  Drone  
  16  1:36  Overlord  
  16  1:37  Zergling x2  
  20  1:49  Metabolic Boost  
  20  1:53  Zergling x2  
  21  2:06  Zergling x2  
  22  2:13  Zergling x2  
  23  2:27  Zergling x2  
  24  2:34  Overlord  
  24  2:48  Zergling x2  
  24  2:49  Zergling x6  
  28  2:52  Hatchery  
  27  3:10  Spine Crawler  
  26  3:15  Zergling x2  
  26  3:16  Zergling x2  
  24  3:36  Zergling x6  
  26  3:58  Zergling x8  
  30  4:05  Evolution Chamber  
  22  4:22  Zergling x4  
  26  4:33  Zergling x4  
  26  4:34  Zergling x4  
  26  4:36  Zerg Melee Weapons Level 1  
  20  5:07  Zergling x2  
  20  5:08  Zergling x2  
  20  5:10  Overlord x2  
  22  5:32  Zergling x6  
  25  5:36  Hatchery  
  24  5:53  Zergling x4  
  24  5:54  Zergling x2  
  27  6:10  Zergling x6  
  28  6:39  Zergling x6  
  22  6:48  Queen  
  22  6:50  Drone  
  25  6:57  Drone x3  
  28  7:03  Drone  
  29  7:18  Lair  
  29  7:20  Roach Warren  
  29  7:21  Drone x2  
  30  7:28  Queen  
  32  7:32  Overlord  
  32  7:51  Zerg Ground Armor Level 1  
  32  8:01  Drone x4  
  32  8:02  Drone x2  
  38  8:17  Hydralisk Den  
  37  8:28  Extractor  
  37  8:32  Extractor  
  35  8:36  Drone  
  35  8:37  Drone x4  
  35  8:40  Drone  
  35  8:41  Drone x3  
  44  8:43  Overlord  
  38  9:13  Hydralisk x5  
  48  9:35  Hydralisk  
  41  9:57  Hydralisk x5  
  18  11:01  Hatchery  
  15  11:30  Hatchery  
Tags
 
Add a new tag
Caveats
  • Supply blocks, unpowered buildings, or Contaminate may cause inaccurate times.
  • Supply counts are checked every 10 seconds.